 Dungeon Crawl Stone Soup version 0.31-a0-188-g5e087ee2ca (webtiles) character file.

Game seed: 5152205556654567994

75 qw the Shooter (level 4, 0/25 HPs)
             Began as a Deep Elf Hunter on June 23, 2023.
             Slain by a goblin
             ... wielding a +0 dagger
             ... led by Robin
              (4 damage)
             ... on level 2 of the Dungeon.
             The game lasted 00:00:28 (991 turns).

qw the Shooter (Deep Elf Hunter)                     Turns: 991, Time: 00:00:28

Health: 0/25       AC:  3    Str: 10    XL:     4   Next: 11%
Magic:  6/6        EV: 12    Int: 14    God:
Gold:   155        SH:  0    Dex: 18    Spells: 3/3 levels left

rFire   . . .        Y - +0 shortbow
rCold   . . .        (shield currently unavailable)
rNeg    . . .        c - +0 leather armour
rPois   .            (no helmet)
rElec   .            (no cloak)
rCorr   .            (no gloves)
SInv    .            (no boots)
Will    .....        (no amulet)
Stlth   ++           (no ring)
HPRegen 0.24/turn    (no ring)
MPRegen 0.10/turn

%: no passive effects
@: no status effects
A: no striking features
a: no special abilities


You were on level 2 of the Dungeon.
You visited 1 branch of the dungeon, and saw 2 of its levels.

You collected 155 gold pieces.


   Skills:
 - Level 1.5 Fighting
 + Level 7.5 Ranged Weapons
 - Level 2.4 Dodging
 - Level 1.2 Stealth


You had 3 spell levels left.
You didn't know any spells.
Your spell library was empty.

Inventory:

Hand Weapons
 Y - a +0 shortbow (weapon)
Armour
 b - a +0 pair of gloves
 c - a +0 leather armour (worn)
 h - a +0 ring mail
Scrolls
 f - a scroll of identify
Potions
 a - a potion of heal wounds {unknown}
 d - a potion of degeneration {unknown}
 e - a potion of haste {unknown}
 g - 2 potions of curing {unknown}
 i - a potion of enlightenment {unknown}

Dungeon Overview and Level Annotations

Branches:
Dungeon (2/15)

Altars:

Annotations:
D:2 Robin


Message History

The goblin closely misses you. The hobgoblin hits you.
Robin's bangles clink loudly.
Robin throws the goblin at you!
A goblin comes into view. It is wielding a +0 dagger.
You shoot an arrow.
The arrow hits the hobgoblin but does no damage.
The goblin completely misses you. The goblin hits you but does no damage.
You shoot an arrow.
The arrow hits the hobgoblin but does no damage.
The goblin misses you. The goblin hits you but does no damage.
The hobgoblin hits you. The hobgoblin closely misses you.
You shoot an arrow. The arrow hits the hobgoblin.
The hobgoblin is moderately wounded.
The goblin closely misses you. The goblin barely misses you.
The hobgoblin barely misses you. x2
Robin roars a battlecry!
The goblins go into a battle-frenzy!
You shoot an arrow.
The arrow hits the hobgoblin but does no damage.
The goblin hits you with a +0 dagger.
The hobgoblin hits you but does no damage. x2
The goblin hits you with a +0 club.
You shoot an arrow. The arrow hits the hobgoblin.
The hobgoblin is heavily wounded.
The goblin hits you with a +0 club. The goblin closely misses you.
The hobgoblin hits you. The hobgoblin closely misses you.
Robin throws the goblin at you! The goblin barely misses you.
You shoot an arrow. The arrow barely misses the hobgoblin.
The arrow hits the hobgoblin.
The hobgoblin is severely wounded.
You hear a shout!
The goblin hits you but does no damage. The hobgoblin misses you.
The goblin hits you with a +0 club. The hobgoblin barely misses you.
The goblin hits you but does no damage.
You shoot an arrow. The arrow hits the hobgoblin.
The hobgoblin is severely wounded.
You hear a shout!
The goblin hits you with a +0 dagger. The hobgoblin misses you.
The hobgoblin hits you. The goblin hits you with a +0 dagger.
You die...

#.#.......# #.......#.%###
#.#.......# #.......#.>.##
#.#.......# #.......#...##
#.##.....## ##.....##...##
#.###...## ##...##....##
##.####'#######+#######'##.###...
.#.........................###.##
#<.............ggg.............#
##......%......g@..........#.###
#....##)#######g#######'####.#
.#####...##


#gg ##...###.#### ...##.....###.gK ##.....##..... ####.......#....
#.......###### ...#.......#..%. #...%...# ####.......#...? #.......#
##.....###... ##(....####### #. ##...## ##...##...... You could see Robin, 4
hobgoblins, 3 goblins and a kobold.

Vanquished Creatures
  Jessica (D:2)
  An adder (D:2)
  A worm (D:2)
  A dart slug (D:1)
  2 endoplasms
  3 giant cockroaches
  A hobgoblin (D:2)
  6 jackals
  A quokka (D:1)
  A ball python (D:2)
  3 bats (D:2)
  3 frilled lizards
  3 goblins (D:2)
  3 kobolds
  6 rats
36 creatures vanquished.

Notes
Turn   | Place    | Note
-------+----------+-------------------------------------------
     0 | D:1      | qw the Deep Elf Hunter began the quest for the Orb.
     0 | D:1      | Reached XP level 1. HP: 12/12 MP: 3/3
     0 | D:1      | 0 ||| qw: Version: 0.3-a-9-g12657ce
     0 | D:1      | 0 ||| qw: Game counter: 3689
     0 | D:1      | 0 ||| qw: Always use a shield: true
     0 | D:1      | 0 ||| qw: God list: Okawaru
     0 | D:1      | 0 ||| qw: Allow faded altars: false
     0 | D:1      | 0 ||| qw: Do Orc after D:15 true
     0 | D:1      | 0 ||| qw: Do second Lair branch before Depths: true
     0 | D:1      | 0 ||| qw: Lair rune preference: random
     0 | D:1      | 0 ||| qw: Plans: Normal
     0 | D:1      | 0 ||| PLANNING D:1-11
    47 | D:1      | Reached skill level 6 in Ranged Weapons
    47 | D:1      | Reached XP level 2. HP: 16/16 MP: 4/4
   283 | D:1      | Found a faded altar of an unknown god.
   394 | D:1      | 394 ||| READING scroll labelled CUPEOFI YTIWNE.
   395 | D:1      | 395 ||| READING 2 scrolls labelled TUVI LENIG.
   396 | D:1      | 396 ||| READING scroll labelled VOCWIOGGAMN.
   397 | D:1      | 397 ||| DROPPING scroll of butterflies.
   422 | D:2      | 422 ||| STAIRDANCE
   648 | D:2      | Noticed Jessica
   654 | D:2      | Reached XP level 3. HP: 20/20 MP: 5/5
   654 | D:2      | Killed Jessica
   655 | D:2      | Reached skill level 7 in Ranged Weapons
   807 | D:2      | Reached XP level 4. HP: 25/25 MP: 6/6
   979 | D:2      | Noticed Robin
   991 | D:2      | HP: 6/25 [goblin/+0 dagger[Robin] (2)]
   991 | D:2      | Slain by a goblin

Levels and vault maps discovered:
D:1:      wander_arrival_desolate, layout_rooms,
          shapermc_ecumenical_altar_pompeii
D:2:      kennysheep_six_static_rooms, layout_loops_ring, serial_bayou_ford_a,
          uniq_robin, uniq_jessica, uniq_terence

Skill      XL: |  1  2  3 |
---------------+----------+-----
Ranged Weapons | 6 7 |  7.5
Fighting       | |  1.5
Dodging        | |  2.4
Stealth        | |  1.2

Action                     |  1- 3 |  4- 6 || total
---------------------------+-------+-------++-------
   Fire: Shortbow          |    92 |    27 ||   119
    Use: Scroll            |     3 |       ||     3
 Armour: Leather armour    |     8 |     8 ||    16
  Dodge: Dodged            |    35 |    17 ||    52

Table legend:
 A = Non-vault XP
 B = Vault XP
 C = Vault XP percentage of total XP
 D = Non-vault monster count
 E = Vault monster count
 F = Vault count percentage of total count
                 A         B        C        D         E       F
            +---------+---------+-------+---------+---------+-------
      Total |      63 |      45 |  41.7 |      29 |       7 |  19.4
            +---------+---------+-------+---------+---------+-------
        D:1 |      25 |       0 |   0.0 |      14 |       0 |   0.0
        D:2 |      38 |      45 |  54.2 |      15 |       7 |  31.8
            +---------+---------+-------+---------+---------+-------
